AoeStats
← BETERRRRR

Arabia

503890969Analyzed
4v4 RM · 1mo ago on Sep 2, 2026· 66m 44s· 8 players
Game mode
Random Map
Map size
Large (8 player)
Population
200
Speed
Normal
Resources
Standard
Victory
Conquest
Starting age
Dark Age
Ending age
Imperial Age
RankedLock teamsTeams togetherTeam positionsShared explorationLock speedFull tech treeHidden civsTurbo modeCheats
Victory
Defeat
🇸🇰 Poles · Slovakia
1248
+14
🇺🇸 Italians · United States
1225
+15
🇸🇰 Britons · Slovakia
1212
+16
🇵🇪 Mongols · Peru
1211
+16
🇹🇷 Tatars · Türkiye
1225
-16
🇮🇹 Huns · Italy
1205
-15
🇸🇪 Italians · Sweden
1200
-15
🇩🇪 Poles · Germany
1194
-15
4♚Dreams
9:29 Loom
11:43 Feudal Age
12:07 Horse Collar
12:14 Double-Bit Axe
17:22 Scale Barding Armor
22:55 Castle Age
21:03 Gold Mining
21:54 Bloodlines
22:07 Forging
23:11 Wheelbarrow
24:11 Bow Saw
24:03 Heavy Plow
24:06 Husbandry
24:32 Chain Barding Armor
24:48 Iron Casting
25:06 Wheelbarrow
25:27 Szlachta Privileges
36:51 Hand Cart
41:31 Imperial Age
42:42 Crop Rotation
41:35 Cavalier
42:37 Conscription
43:20 Blast Furnace
49:17 Coinage
49:02 Caravan
mxptlic
9:29 Feudal Age
7:45 Loom
11:58 Double-Bit Axe
13:26 Forging
13:09 Fletching
16:15 Padded Archer Armor
18:55 Wheelbarrow
18:10 Horse Collar
22:41 Castle Age
21:56 Gold Mining
22:54 Crossbowman
23:01 Elite Skirmisher
24:34 Elite Skirmisher
25:20 Bodkin Arrow
39:13 Imperial Age
37:05 Town Watch
37:51 Bow Saw
38:54 Leather Archer Armor
39:05 Ballistics
39:32 Thumb Ring
40:40 Conscription
40:39 Bracer
41:50 Chemistry
42:18 Arbalester
43:05 Elite Genoese Crossbowman
55:31 Husbandry
54:52 Light Cavalry
56:56 Bloodlines
BETERRRRR
7:09 Loom
9:30 Feudal Age
9:57 Double-Bit Axe
12:54 Horse Collar
14:54 Town Watch
16:05 Scale Barding Armor
24:09 Castle Age
23:05 Bloodlines
24:12 Bloodlines
28:32 Wheelbarrow
29:01 Wheelbarrow
28:49 Light Cavalry
33:47 Fletching
36:58 Wheelbarrow
39:05 Bow Saw
41:32 Heavy Plow
42:45 Gold Mining
44:32 Bodkin Arrow
46:03 Town Patrol
48:09 Gold Shaft Mining
48:18 Hand Cart
48:26 Hand Cart
48:21 Stone Mining
47:53 Light Cavalry
48:40 Husbandry
52:08 Imperial Age
50:22 Husbandry
51:24 Chain Barding Armor
51:15 Forging
53:21 Ballistics
54:01 Chemistry
53:24 Ballistics
54:06 Chemistry
53:27 Ballistics
52:53 Treadmill Crane
53:23 Masonry
53:17 Bracer
53:18 Padded Archer Armor
53:54 Hussar
55:10 Conscription
55:39 Guilds
55:36 Caravan
56:08 Heavy Cavalry Archer
56:28 Heavy Cavalry Archer
57:44 Heavy Cavalry Archer
65:25 Crop Rotation
RossC786526
7:56 Loom
11:17 Feudal Age
15:53 Castle Age
14:35 Double-Bit Axe
19:13 Scale Barding Armor
22:41 Forging
23:04 Bloodlines
22:56 Horse Collar
23:49 Husbandry
28:05 Bow Saw
28:39 Heavy Plow
33:20 Wheelbarrow
33:30 Chain Barding Armor
33:16 Gold Mining
35:20 Gold Shaft Mining
35:50 Iron Casting
41:16 Imperial Age
39:48 Hand Cart
39:19 Town Watch
41:23 Cavalier
42:39 Plate Barding Armor
42:31 Atheism
44:24 Two-Man Saw
43:03 Paladin
45:34 Blast Furnace
44:53 Stone Mining
49:00 Caravan
49:06 Light Cavalry
50:54 Hussar
57:15 Guilds
61:04 Ballistics
Salty
12:37 Feudal Age
13:20 Double-Bit Axe
14:22 Wheelbarrow
18:57 Castle Age
17:12 Gold Mining
18:01 Fletching
18:11 Padded Archer Armor
18:34 Town Watch
19:42 Bodkin Arrow
20:26 Bow Saw
21:23 Ballistics
21:23 Leather Archer Armor
31:40 Imperial Age
32:07 Elite Genoese Crossbowman
33:46 Conscription
34:30 Chemistry
36:10 Bracer
40:16 Ring Archer Armor
49:33 Thumb Ring
Arigo
0:26 Loom
11:18 Feudal Age
19:11 Castle Age
17:19 Fletching
18:10 Double-Bit Axe
18:52 Gold Mining
19:32 Crossbowman
21:31 Bodkin Arrow
22:14 Horse Collar
23:36 Padded Archer Armor
25:53 Leather Archer Armor
34:18 Bow Saw
38:45 Imperial Age
37:26 Ballistics
39:15 Arbalester
40:45 Bracer
43:41 Chemistry
44:24 Ring Archer Armor
49:50 Heavy Plow
49:44 Elite Skirmisher
53:04 Pikeman
54:59 Forging
54:49 Scale Mail Armor
55:33 Gold Shaft Mining
56:28 Halberdier
58:16 Iron Casting
58:54 Chain Mail Armor
Ayo
0:28 Loom
12:00 Feudal Age
19:35 Castle Age
18:40 Double-Bit Axe
19:19 Scale Barding Armor
23:17 Szlachta Privileges
23:18 Gold Mining
25:16 Bow Saw
26:00 Forging
27:30 Bloodlines
28:58 Stone Mining
30:18 Iron Casting
35:38 Imperial Age
35:05 Chain Barding Armor
35:57 Cavalier
40:25 Horse Collar
45:46 Blast Furnace
48:42 Conscription
49:56 Heavy Plow
50:35 Wheelbarrow
56:14 Husbandry
63:35 Lechitic Legacy
63:57 Light Cavalry
66:08 Winged Hussar
Life Is But A Dream
6:50 Loom
9:07 Feudal Age
11:21 Double-Bit Axe
20:55 Castle Age
21:59 Wheelbarrow
29:23 Hand Cart
28:34 Pikeman
28:56 Horse Collar
30:30 Scale Barding Armor
31:20 Gold Mining
33:06 Bloodlines
37:55 Ballistics
44:51 Forging
44:50 Husbandry
45:44 Chain Barding Armor
46:18 Heavy Plow
47:33 Gold Shaft Mining
48:48 Iron Casting
52:59 Imperial Age
51:05 Light Cavalry
53:28 Stone Mining
53:36 Heavy Camel Rider
57:19 Blast Furnace
56:23 Hussar
61:40 Town Watch
62:32 Bow Saw
64:26 Town Patrol
66:43 Masonry
67:35 Chemistry
66:26 Fletching
67:15 Murder Holes
67:26 Siege Engineers
Connection lost

Rejoining the realm…

Still unreachable

The connection could not be restored.

Session expired

The server has moved on; the page needs a fresh start.